 Dungeon Crawl Stone Soup version 0.31.0-32-g396128a36d (webtiles) character file.

Game seed: 8626350562836119243

3714 Eryx the Slicer (level 9, -16/78 HPs)
             Began as a White Draconian Berserker on Apr 1, 2024.
             Was a Priest of Trog.
             Engulfed by a fire crab's flame (26 damage)
             ... on level 7 of the Dungeon.
             The game lasted 00:16:02 (5775 turns).

Eryx the Slicer (White Draconian Berserker)         Turns: 5775, Time: 00:16:03

Health: -16/78     AC: 12    Str: 21    XL:     9   Next: 91%
Magic:  18/18      EV: 15    Int: 11    God:    Trog [***...]
Gold:   138        SH:  5    Dex: 16    Spells: 8/8 levels left

rFire   . . .        e - +3 short sword (distort)
rCold   + . .        (no shield)
rNeg    . . .        (body armour unavailable)
rPois   .            i - +2 hat
rElec   .            (no cloak)
rCorr   .            (no gloves)
SInv    .            c - +2 pair of boots
Will    .....        t - amulet of reflection
Stlth   +++          l - ring of magical power
HPRegen 0.33/turn    s - +6 ring of dexterity
MPRegen 0.16/turn

%: reflection
@: on berserk cooldown, slowed, very slow
A: breathe frost, AC +7, unfitting armour, cold resistance 1, cold-blooded,
antennae 1
a: Breathe Frost, Renounce Religion, Berserk, Trog's Hand


You were on level 7 of the Dungeon.
You worshipped Trog.
Trog was most pleased with you.
You visited 1 branch of the dungeon, and saw 7 of its levels.

You collected 303 gold pieces.
You spent 165 gold pieces at shops.

Inventory:

Hand Weapons
 a - a +1 falchion
 e - a +3 short sword of distortion (weapon)
Armour
 c - a +2 pair of boots (worn)
 i - a +2 hat (worn)
Jewellery
 l - a ring of magical power (left hand)
 s - a +6 ring of dexterity (right hand)
 t - an amulet of reflection (around neck)
Wands
 j - a wand of iceblast (2)
 m - a wand of polymorph (6)
 p - a wand of flame (20)
Scrolls
 b - a scroll of vulnerability
 f - 4 scrolls of blinking
 h - a scroll of poison
 k - 2 scrolls of teleportation
Potions
 d - 2 potions of lignification
 g - a potion of curing
 n - a potion of enlightenment
 o - 2 potions of ambrosia
 v - a potion of attraction


   Skills:
 * Level 6.6 Fighting
 * Level 8.2(9.1) Short Blades
 * Level 5.7(7.8) Long Blades
 * Level 2.5 Throwing
 * Level 5.9 Dodging
 * Level 4.7 Stealth
 + Level 1.1 Shields
 * Level 3.2 Evocations


You had 8 spell levels left.
You didn't know any spells.
Your spell library was empty.

Dungeon Overview and Level Annotations

Branches:
Dungeon (7/15)             Temple (0/1) D:7

Altars:
Ashenzari
Elyvilon
Okawaru
Sif Muna
Yredelemnul
The Shining One

Shops:
D:1 (   D:4 (   D:5 [   D:6 !


Innate Abilities, Weirdness & Mutations

You can breathe waves of freezing cold which knock back foes.
Your icy white scales are hard. (AC +7)
You cannot fit into any form of body armour.
Your flesh is cold resistant. (rC+)
You are cold-blooded and may be slowed by cold attacks.
You have a pair of small antennae on your head.


Message History

Space warps horribly around the fire crab!
You tail-slap the fire crab, but do no damage.
The fire crab is heavily wounded.
The fire crab breathes flames at you. The blast of flame misses you.
The fire crab struggles against the net.
You completely miss the fire crab.
The fire crab is heavily wounded.
You are engulfed in blazing flames.
You catch the helpless fire crab completely off-guard!
You puncture the fire crab!
The fire crab is severely wounded.
You are engulfed in blazing flames.
The fire crab struggles against the net.
You hit the fire crab but do no damage.
Space warps around the fire crab.
The fire crab is severely wounded.
The fire crab struggles against the net.
You barely miss the fire crab.
You tail-slap the fire crab, but do no damage.
The fire crab is severely wounded.
You hit the fire crab but do no damage.
The fire crab is severely wounded.
The fire crab breathes flames at you. The blast of flame misses you.
The fire crab struggles against the net.
The net rips apart, and the fire crab comes free!
You hit the fire crab but do no damage.
Space warps around the fire crab.
You tail-slap the fire crab, but do no damage.
The fire crab is almost dead.
You are engulfed in blazing flames.
* * * LOW HITPOINT WARNING * * *
You barely miss the fire crab.
You tail-slap the fire crab, but do no damage.
The fire crab is almost dead.
You are engulfed in blazing flames.
* * * LOW HITPOINT WARNING * * *
The fire crab barely misses you.
The fire crab claws you but does no damage.
You feel better.
You are engulfed in blazing flames.
You die...

.'......# ...
.........'.....#
##+####+#
.........#.....# ....#
#########........#.....#
....#
........#........#+#####
....#
........#######.........
....#
..............#.........
....#
..............).........
....#
......°°°°....#)........
....#
......°@°.)...#.........
....#
......°t°.....#.........
#..##...#######.........
#. #$..# .######... .
.....# .. ... ......#
... .. ......# .... .
.......+


You could see a fire crab.

Vanquished Creatures
  Jeremiah (D:6)
  Prince Ribbit (D:7)
  Grinder (D:6)
  A fire bat (D:7)
  A steam dragon (D:7)
  An orc warrior (D:5)
  A water moccasin (D:6)
  A sky beast (D:7)
  An ogre (D:6)
  An ice beast (D:6)
  A centaur (D:6)
  A bullfrog (D:5)
  3 scorpions
  20 wights
  2 howler monkeys
  A bombardier beetle (D:6)
  2 jellies
  A gnoll bouda (D:5)
  3 hounds
  An orc priest (D:7)
  2 sleepcaps (D:5)
  3 iguanas
  Natasha (twice) (D:3)
  2 orc wizards (D:7)
  Robin (D:3)
  6 adders
  2 gnolls (D:5)
  A shadow imp (D:7)
  A dart slug (D:5)
  12 orcs
  9 endoplasms
  3 giant cockroaches
  19 goblins
  10 hobgoblins
  6 kobolds
  10 ball pythons
  9 bats
  2 frilled lizards (D:2)
  6 rats
151 creatures vanquished.

Notes
Turn   | Place    | Note
-------+----------+-------------------------------------------
     0 | D:1      | Eryx the Draconian Berserker began the quest for the Orb.
     0 | D:1      | Reached XP level 1. HP: 19/19 MP: 1/1
   205 | D:1      | Reached XP level 2. HP: 26/26 MP: 2/2
   249 | D:1      | Found Lukohu's Antique Weapon Emporium.
   653 | D:2      | Reached ** piety under Trog
   663 | D:2      | Reached XP level 3. HP: 19/31 MP: 3/3
   844 | D:2      | Reached skill level 1 in Short Blades
   844 | D:2      | Reached skill level 1 in Stealth
   844 | D:2      | Reached XP level 4. HP: 40/40 MP: 4/4
  1328 | D:3      | Found a broken altar of Ashenzari.
  1328 | D:3      | Found a basalt altar of Yredelemnul.
  1331 | D:3      | Reached skill level 2 in Short Blades
  1338 | D:3      | Found an iron altar of Okawaru.
  1338 | D:3      | Found a shimmering blue altar of Sif Muna.
  1353 | D:3      | Found a white marble altar of Elyvilon.
  1398 | D:3      | Reached XP level 5. HP: 44/46 MP: 5/5
  1645 | D:3      | Noticed Robin
  1692 | D:3      | Killed Robin
  1956 | D:3      | Noticed Natasha
  1961 | D:3      | Killed Natasha
  2005 | D:3      | Noticed Natasha
  2012 | D:3      | Killed Natasha
  2013 | D:3      | Reached skill level 3 in Short Blades
  2055 | D:3      | Reached *** piety under Trog
  2250 | D:4      | Reached XP level 6. HP: 50/52 MP: 6/6
  2542 | D:4      | Found Mang's Antique Weapon Boutique.
  2694 | D:4      | Found a glowing golden altar of the Shining One.
  3095 | D:5      | Entered Level 5 of the Dungeon
  3170 | D:5      | Noticed an orc warrior
  3186 | D:5      | Killed an orc warrior
  3187 | D:5      | Reached skill level 4 in Short Blades
  3187 | D:5      | Your scales start taking on an icy white colour.
  3187 | D:5      | Reached XP level 7. HP: 60/60 MP: 7/7
  3187 | D:5      | Gained mutation: Your flesh is cold resistant. (rC+) [White
                  | Draconian growth]
  3294 | D:5      | Found Yrim's Antique Armour Boutique.
  3532 | D:5      | Reached skill level 5 in Fighting
  3532 | D:5      | Reached skill level 5 in Short Blades
  3787 | D:5      | Reached XP level 8. HP: 68/68 MP: 8/8
  3853 | D:6      | Noticed Grinder
  3856 | D:6      | Paralysed by Grinder for 3 turns
  3868 | D:6      | Killed Grinder
  3869 | D:6      | Reached skill level 1 in Evocations
  3938 | D:6      | Noticed Jeremiah
  3988 | D:6      | Killed Jeremiah
  3989 | D:6      | Reached skill level 6 in Short Blades
  3989 | D:6      | Reached skill level 1 in Throwing
  4142 | D:6      | Reached skill level 5 in Long Blades
  4142 | D:6      | Reached skill level 5 in Dodging
  4333 | D:6      | Found Inoner's Distillery.
  4349 | D:6      | Bought a potion of mutation for 120 gold pieces
  4349 | D:6      | Bought a potion of curing for 45 gold pieces
  4349 | D:6      | Gained mutation: You have a pair of small antennae on your
                  | head. [potion of mutation]
  4349 | D:6      | Gained mutation: You are weak. (Str -2) [potion of
                  | mutation]
  4349 | D:6      | Lost mutation: You are weak. (Str -2) [potion of mutation]
  4530 | D:6      | Reached XP level 9. HP: 41/75 MP: 9/9
  4744 | D:7      | Reached skill level 7 in Short Blades
  4859 | D:7      | Noticed Maggie
  4867 | D:7      | Maggie changed into Maggie the fire bat
  4867 | D:7      | Noticed Maggie
  4870 | D:7      | Killed Maggie the fire bat
  5357 | D:7      | Reached skill level 1 in Shields
  5441 | D:7      | Found a staircase to the Ecumenical Temple.
  5473 | D:7      | Reached skill level 8 in Short Blades
  5515 | D:7      | Noticed Prince Ribbit
  5520 | D:7      | Killed Prince Ribbit
  5741 | D:7      | Reached **** piety under Trog
  5752 | D:7      | an ogre changed into a fire crab
  5752 | D:7      | Noticed a fire crab
  5774 | D:7      | HP: 2/78 [fire crab] (10)]
  5775 | D:7      | Engulfed by a fire crab's flame

Illustrated notes

Levels and vault maps discovered:
D:1:      heliophobic_arrival_enchanted_forest, layout_loops_ring, serial_shops,
          nicolae_shop_waterfront
D:2:      layout_basic, minmay_randomly_rotated_circles
D:3:      layout_loops_corners, grunt_temple_overflow_open, minmay_liquid_box,
          uniq_natasha, uniq_robin
D:4:      layout_basic, lemuel_crystal_altar, serial_shops,
          nicolae_shop_advertising_works [nicolae_subvault_shop_adworks],
          amcnicky_mini_corridor_feature
D:5:      layout_cave_pools, serial_shops, shop, minivault_24
D:6:      layout_loops_cross, serial_shops, nicolae_shop_waterfront,
          minivault_11, uniq_grinder, uniq_jeremiah
D:7:      layout_gridville, minmay_temple_entry_enclosed_plants, serial_glass,
          glass_columns_c, glass_columns_b, uniq_prince_ribbit1, uniq_maggie

Skill      XL: |  1  2  3  4  5  6  7  8  9 |
---------------+----------------------------+-----
Dodging        | 3 4 5 |  5.9
Short Blades   | 1 2 3 4 5 6 8 |  8.2
Stealth        | 1 2 3 4 |  4.7
Fighting       | 4 5 6 |  6.6
Long Blades    | 4 5 |  5.7
Evocations     | 2 3 |  3.2
Throwing       | 1 2 |  2.5
Shields        | 1 |  1.1

Action                     |  1- 3 |  4- 6 |  7- 9 || total
---------------------------+-------+-------+-------++-------
  Melee: Falchion          |    37 |       |       ||    37
         Tailslap          |     6 |    17 |    38 ||    61
         Short sword       |    35 |   178 |   185 ||   398
         Punch             |       |     1 |       ||     1
  Throw: Throwing net      |       |       |     5 ||     5
 Invoke: Berserk           |       |     3 |     7 ||    10
Ability: Breathe Frost     |       |       |    14 ||    14
  Evoke: Wand              |       |       |     4 ||     4
    Use: Scroll            |     6 |     7 |     6 ||    19
         Potion            |       |       |     5 ||     5
   Stab: Sleeping          |       |     3 |     3 ||     6
         Held in net/web   |       |       |     2 ||     2
 Armour: Skin              |    34 |   107 |   106 ||   247
  Dodge: Dodged            |    48 |   128 |   117 ||   293
  Block: Other             |       |       |    20 ||    20
